 Dungeon Crawl Stone Soup version 0.29-a0-284-gf9362112df (webtiles) character file.

Game seed: 11982471097348878836

17245 spaghetti the Thaumaturge (level 11, 0/126 (127) HPs)
             Began as a Demigod Conjurer on Mar 23, 2022.
             Slain by an orc warlord
             ... wielding a +3 battleaxe of draining
              (47 damage)
             ... on level 2 of the Orcish Mines.
             The game lasted 00:48:38 (16004 turns).

spaghetti the Thaumaturge (Demigod Conjurer)       Turns: 16004, Time: 00:48:39

HP:   0/126 (127)   AC: 16    Str:  8    XL:     11   Next: 89%
MP:   4/30          EV: 12    Int: 42    God:
Gold: 624           SH:  3    Dex: 12    Spells: 6/32 levels left

rFire   + . .      SeeInvis .   D - +10 long sword of Ushrer {elec, Fly Will- rCorr Int+4, long}
rCold   . . .      Faith    +   o - +0 buckler
rNeg    . . .      Spirit   .   N - +0 troll leather armour
rPois   .          Reflect  .   (no helmet)
rElec   .          Harm     .   e - +2 cloak of a bailey {+Inv Int+4}
rCorr   +          Rampage  .   c - +2 pair of gloves
Will    .....                   l - +1 pair of boots
Stlth   ..........              B - amulet "Monaoph" {Faith +Inv rF+ Int+2}
HPRegen 1.11/turn               T - +4 ring of protection
MPRegen 0.22/turn               H - +4 ring of slaying

@: berserking (expiring), flying, lightly drained, very quick
A: high MP 1, forlorn, divine attributes
a: Evoke Invisibility


You were on level 2 of the Orcish Mines.
You visited 2 branches of the dungeon, and saw 13 of its levels.

You collected 890 gold pieces.
You spent 266 gold pieces at shops.


Innate Abilities, Weirdness & Mutations

You have an increased reservoir of magic. (+10% MP)
You shall have no god before yourself.
Your divine heritage dramatically boosts your attributes as you level up.


   Skills:
 + Level 4.4 Fighting
 + Level 4.9 Dodging
 - Level 1.7 Stealth
 + Level 11.0 Spellcasting
 + Level 6.9 Conjurations
 + Level 7.9 Summonings
 - Level 8.0 Translocations


You had 6 spell levels left.
You knew the following spells:

 Your Spells              Type           Power      Damage    Failure   Level
a - Magic Dart            Conj           100%       1d8       1%          1
b - Searing Ray           Conj           100%       2d8       1%          2
c - Iskenderun's Mystic   Conj/Tloc      72%        2d15      1%          4
d - Teleport Other        Tloc           74%        N/A       1%          3
e - Wereblood             Tmut           23%        N/A       4%          2
f - Fulminant Prism       Conj/Hex       25%        3d14      7%          4
g - Malign Gateway        Summ/Tloc      37%        N/A       65%         7
h - Gell's Gravitas       Tloc           74%        N/A       1%          3

Your spell library contained the following spells:

 Spells                   Type           Power      Damage    Failure   Level
 Foxfire                  Conj/Fire      100%       2x1d9     1%          1
 Conjure Flame            Conj/Fire      51%        6-21      1%          3
 Dazzling Flash           Conj/Hex       100%       N/A       1%          3
 Lesser Beckoning         Tloc           74%        N/A       1%          3
 Beastly Appendage        Tmut           46%        N/A       2%          1
 Sting                    Tmut/Pois      92%        1d7       2%          1
 Poisonous Vapours        Pois/Air       46%        N/A       4%          2
 Flame Wave               Conj/Fire      51%        2d10      7%          4
 Inner Flame              Hex/Fire       23%        N/A       9%          3
 Spider Form              Tmut/Pois      23%        N/A       9%          3
 Olgreb's Toxic Radiance  Pois           23%        N/A       26%         4
 Summon Horrible Things   Summ           37%        N/A       100%        8

Inventory:

Hand Weapons
 y - a +2 hand axe of flaming {axe}
   (You took it off an orc on level 3 of the Dungeon)
 z - a +1 scimitar of flaming {long}
   (You took it off Erica on level 10 of the Dungeon)
 A - a +2 falchion of electrocution {long}
   (You found it on level 4 of the Dungeon)
 D - the +10 long sword of Ushrer (weapon) {elec, Fly Will- rCorr Int+4, long}
   (You found it on level 7 of the Dungeon)

   It occasionally discharges a powerful burst of electricity upon striking a
   foe.
   Int:       It affects your intelligence (+4).
   Fly:       It grants you flight.
   rCorr:     It protects you from acid and corrosion.
   Will:      It decreases your willpower.
Missiles
 f - 333 stones {throwing}
 h - 5 throwing nets {=f!fthrowing}
 i - 19 boomerangs {throwing}
 v - 2 silver boomerangs {throwing}
 C - 5 datura-tipped darts {throwing}
 M - 3 atropa-tipped darts {throwing}
 R - 4 javelins {throwing}
Armour
 c - a +2 pair of gloves (worn)
   (You found it on level 1 of the Dungeon)
 e - the +2 cloak of a bailey (worn) {+Inv Int+4}
   (You found it on level 3 of the Dungeon)

   Int:       It affects your intelligence (+4).
   +Inv:      It lets you turn invisible.
 l - a +1 pair of boots (worn)
   (You found it on level 1 of the Dungeon)
 o - a +0 buckler (worn)
   (You found it on level 1 of the Dungeon)
 N - a +0 troll leather armour (worn)
   (You found it on level 9 of the Dungeon)
Jewellery
 a - a ring of resist corrosion
   (You took it off a gnoll on level 10 of the Dungeon)
 k - a ring of fire
   (You found it on level 4 of the Dungeon)
 n - a ring of poison resistance
   (You found it on level 1 of the Dungeon)
 t - an amulet of reflection
   (You found it on level 5 of the Dungeon)
 B - the amulet "Monaoph" (around neck) {Faith +Inv rF+ Int+2}
   (You found it on level 7 of the Dungeon)

   [amulet of faith]

   It allows you to gain divine favour quickly.
   Int:       It affects your intelligence (+2).
   rF:        It protects you from fire.
   +Inv:      It lets you turn invisible.
 H - a +4 ring of slaying (right hand)
   (You took it off an orc on level 7 of the Dungeon)
 I - a +6 ring of dexterity
   (You took it off an orc on level 7 of the Dungeon)
 T - a +4 ring of protection (left hand)
   (You found it on level 11 of the Dungeon)
Wands
 x - a wand of polymorph (6)
   (You took it off Jessica on level 3 of the Dungeon)
 G - a wand of flame (9)
   (You found it on level 9 of the Dungeon)
 J - a wand of mindburst (28)
   (You found it on level 8 of the Dungeon)
 V - a wand of iceblast (6)
   (You found it on level 11 of the Dungeon)
Scrolls
 d - 2 scrolls of immolation {!r!r}
 g - 2 scrolls of teleportation {@r4}
 j - a scroll of blinking {!r}
 q - 2 scrolls of magic mapping {!r}
 r - 2 scrolls of noise {!r}
 w - 2 scrolls of fog
 E - 3 scrolls of vulnerability {!r!r}
 F - a scroll of holy word
 O - a scroll of torment {!r}
 U - 4 scrolls of identify {@r1}
Potions
 b - 2 potions of magic
 m - 2 potions of mutation {!q}
 p - 2 potions of flight
 s - 2 potions of lignification {!q}
 u - 6 potions of cancellation
 P - a potion of brilliance
 S - a potion of attraction {unknown}

Dungeon Overview and Level Annotations

Branches:
Dungeon (11/15)            Temple (0/1) D:6            Lair (0/6) D:11
    Orc (2/2) D:11
    Elf: Orc:2

Shops:
D:3 (   D:7 ?

Annotations:
D:2 exclusion: gnoll
D:6 3 runed translucent doors, sammy202020's ghost, novice PaBe; spaghetti's ghost, weakling DgDe
Orc:1 Urug

## ##.#### #...#.#
##..... #####o.....
##.##....... ###
#...o.......
##.#######o.).......
#).@#.##.).........#
##)#oooo).....#...).
#..)o.Oo.......)..))
#....).)..........[)
##................).
##...##..........<.
##.####........##)
### ############


You could see an orc warlord (strong), an orc knight (strong), an orc warrior
(strong), an ogre and 3 orcs.


Message History

MASSIVE DAMAGE!! (PAUSE)
You regained 4 mp, and now have 9/30 mp.
Casting: Searing Ray (safe; 1% risk of failure)
Confirm with . or Enter, or press ? or * to list all spells.
Aiming: Fulminant Prism (dangerous; 7% risk of failure)
Press: ? - help, Dir - move target You conjure a prism of explosive energy!
A fulminant prism comes into view.
Something hits you but does no damage.
An orc warlord comes into view.
It is wielding a +3 battleaxe of draining and wearing a +2 chain mail of cold resistance.
The orc closely misses you.
The orc warrior barely misses you. 😮 HP[+1] MP[-3]
You lost 3 mp, and now have 6/30 mp.
Casting: Fulminant Prism (dangerous; 7% risk of failure)
Confirm with . or Enter, or press ? or * to list all spells.
You erupt in a blast of force!
The mystic blast hits the orc warrior!
The orc warrior is knocked back by the mystic blast.
The mystic blast hits the orc warrior!
The orc warrior is knocked back by the mystic blast.
The mystic blast hits the orc warrior!
The mystic blast hits the orc!!
You kill the orc!
The mystic blast hits something!
Reactivating autopickup.
You feel a bit more experienced.
You hear a shout! x2
A warg comes into view.
The orc warrior barely misses you.
Your fulminant prism crackles loudly. 😕 HP[+1] MP[-4]
You lost 4 mp, and now have 2/30 mp.
Unknown command.
Unknown command.
You hit the orc warrior.
Lightning courses through the orc warrior!
The orc warlord roars a battlecry!
The orcs go into a battle-frenzy!
The orc warrior hits you with a +0 scimitar!
The blast of energy engulfs the orc warrior!
You kill the orc warrior!
The blast of energy engulfs the orc!!
You kill the orc!
The blast of energy engulfs the orc warrior!!
You kill the orc warrior!
The blast of energy engulfs you!!
* * * LOW HITPOINT WARNING * * *
You feel a bit more experienced.
The blast of energy engulfs the orc warrior!!
You kill the orc warrior!
You hear a shout! 😨 HP[-35]
You take 35 damage, and now have 29/85 hp.
MASSIVE DAMAGE!! (PAUSE) 😨 HP[+1]
Aiming: Throw Flame
Press: ? - help, Shift-Dir - straight line, f - orc warrior
Aim: an orc warrior, wielding a +0 short sword, wearing a +0 chain mail and quivering boomerangs (heavily wounded, strong, 64% to hit)
The puff of flame hits the orc warrior. 😨 HP[+1] MP[+1] It was a potion of berserk rage.
A red film seems to cover your vision as you go berserk!
You feel yourself moving faster!
You feel mighty!
The orc warrior throws a boomerang.
The boomerang hits you!
* * * LOW HITPOINT WARNING * * *
😨 HP[+9]
You now have 127 max hp (+42).
You regained 9 hp, and now have 40/127 hp.
An orc comes into view. It is wielding a +0 flail.
You feel a strong urge to attack something.
The orc warrior hits you but does no damage.
An orc warrior comes into view. It is wielding a +0 hand axe. 😨 HP[+1]
You hit the orc warrior but do no damage.
An orc comes into view. It is wielding a +0 hand axe.
An orc comes into view. It is wielding a +0 flail. 😨 HP[+1]
You barely miss the orc knight.
The orc shouts!
An ogre comes into view.
It is wielding a +0 giant spiked club. 😨 HP[+1]
You slice the orc knight!!
The orc knight unwields a +0 arbalest.
The orc knight wields a +0 great mace.
The orc knight hits you but does no damage. 😨 HP[+1] MP[+1]
You slash the orc knight! 😨 HP[+2]
You regained 2 hp, and now have 46/127 hp.
Unknown command.
You barely miss the orc warlord. 😨 HP[+1]
You slash the orc warlord!
The orc warlord hits you with a +3 battleaxe of draining.
* * * LOW HITPOINT WARNING * * *
You feel drained.
The orc knight roars a battlecry!
The orc warlord goes into a battle-frenzy! 😨 HP[-1]
You now have 126 max hp (-1).
You hit the orc warlord.
The orc warlord hits you with a +3 battleaxe of draining!!!
You die...

Skill      XL: |  1  2  3  4  5  6  7  8  9 10 11 |
---------------+----------------------------------+-----
Spellcasting   | 2 3 4 7 8 9 10 11 | 11.0
Conjurations   | 4 5 6 |  6.9
Translocations | 2 3 5 7 8 |  8.0
Summonings     | 2 4 6 7 |  7.9
Dodging        | 2 4 |  4.9
Fighting       | 2 4 |  4.4
Stealth        | |  1.7

Action                   |  1- 3 |  4- 6 |  7- 9 | 10-12 || total
-------------------------+-------+-------+-------+-------++-------
Melee: Flail             |     1 |    20 |       |       ||    21
       Unarmed           |     1 |     2 |       |       ||     3
       Falchion          |       |     5 |       |       ||     5
       Long sword        |       |       |    38 |   119 ||   157
 Cast: Magic Dart        |    59 |   123 |   105 |   113 ||   400
       Searing Ray       |     8 |    13 |    37 |    35 ||    93
       Fulminant Prism   |       |       |     6 |    40 ||    46
       Wereblood         |       |       |     2 |     1 ||     3
       Teleport Other    |       |       |     1 |    35 ||    36
       Iskenderun's Myst |       |       |       |    29 ||    29
       Gell's Gravitas   |       |       |       |     6 ||     6
Evoke: Wand              |       |       |       |     1 ||     1
  Use: Scroll            |     1 |       |    10 |     2 ||    13
       Potion            |       |     1 |     6 |     7 ||    14
 Stab: Invisible         |       |       |       |     1 ||     1
Armor: Robe              |     7 |    30 |    45 |    10 ||    92
       Skin              |       |     8 |       |     1 ||     9
       Troll leather arm |       |       |       |    91 ||    91
Dodge: Dodged            |     8 |    53 |    81 |   161 ||   303
Block: Buckler           |       |    10 |    20 |    40 ||    70

Levels and vault maps discovered:
D:1:      dpeg_arrival_refuge, layout_basic, shapermc_ecumenical_altar_petra
D:2:      layout_rooms, serial_forest, infiniplex_forest_corner_1,
          infiniplex_forest_lined_room_2, infiniplex_forest_end_3,
          infiniplex_forest_clump_tiny, grunt_decor_mini_mirrors,
          serial_bayou_pond_e, glass_columns_c
D:3:      layout_basic, lightli_sewer_entry_pipes, serial_shops, shop,
          uniq_jessica
D:4:      layout_rooms, mainiacjoe_overflow_brackets, lemuel_doored_altar
D:5:      layout_basic, kennysheep_decorative_pillar, uniq_menkaure
D:6:      layout_cave_pools, minmay_temple_entry_hall, gammafunk_ghost_cemetery,
          kennysheep_generic_room_6
D:7:      layout_rooms, tgw_sif, fedhas_altar_3, mainiacjoe_overflow_paths,
          serial_curves, eino_curves_03, eino_curves_02, eino_curves_02,
          eino_curves_04, serial_shops, nicolae_shop_window_shopping,
          grunt_potential
D:8:      layout_basic, doesnt_xom_only_xom, grunt_ministairs_13,
          supply_closet_lemuel, chequers_big_river, uniq_maurice
D:9:      layout_basic
D:10:     layout_loops_corners, mainiacjoe_overflow_surrounded_room,
          elyvilon_altar_5, uniq_psyche, uniq_erica, uniq_harold
D:11:     layout_stronghold, erik_lair_island, david_orc_2,
          grunt_decor_one_mirror, kennysheep_generic_room_15
Orc:1:    layout_caves, ebering_ghost_xom, nicolae_shop_firing_range
Orc:2:    st_orc_rangers, layout_caves, lightli_church_of_beogh, uniq_urug,
          uniq_donald

Notes
Turn   | Place    | Note
-------+----------+-------------------------------------------
     0 | D:1      | spaghetti the Demigod Conjurer began the quest for the Orb.
     0 | D:1      | Reached XP level 1. HP: 14/14 MP: 5/5
     0 | D:1      | magus.rc [v1.9.6]
   135 | D:1      | Reached skill level 2 in Spellcasting
   187 | D:1      | You add the spells Sting, Poisonous Vapours and Olgreb's
                  | Toxic Radiance to your library.
   451 | D:1      | Reached XP level 2. HP: 20/20 MP: 5/7
  1040 | D:2      | Reached skill level 4 in Conjurations
  1256 | D:2      | Reached XP level 3. HP: 22/26 MP: 0/9
  1286 | D:2      | Learned a level 2 spell: Searing Ray
  2093 | D:3      | Noticed Jessica
  2097 | D:3      | Killed Jessica
  2098 | D:3      | Reached skill level 3 in Spellcasting
  2098 | D:3      | Reached XP level 4. HP: 33/33 MP: 8/11
  2187 | D:3      | HP: 12/49 [river rat (2)]
  2194 | D:3      | HP: 5/49 [orc/+0 hand axe (4)]
  2466 | D:3      | You pick up a book of Displacement and begin reading...
  2466 | D:3      | You add the spells Lesser Beckoning, Gell's Gravitas and
                  | Teleport Other to your library.
  2503 | D:3      | Identified the +2 cloak of a bailey {+Inv Int+4}
  2742 | D:3      | Reached XP level 5. HP: 38/38 MP: 9/13
  2770 | D:3      | Found Meff's Weapon Emporium.
  2883 | D:3      | Reached skill level 5 in Conjurations
  2951 | D:3      | You pick up a book of Changes and begin reading...
  2951 | D:3      | You add the spells Beastly Appendage, Wereblood and Spider
                  | Form to your library.
  2953 | D:3      | You add the spells Malign Gateway and Summon Horrible
                  | Things to your library.
  2959 | D:3      | Learned a level 4 spell: Iskenderun's Mystic Blast
  3650 | D:4      | Reached skill level 4 in Spellcasting
  3658 | D:4      | Reached XP level 6. HP: 45/45 MP: 1/15
  4165 | D:4      | Reached skill level 1 in Translocations
  4334 | D:4      | Reached skill level 6 in Conjurations
  4623 | D:5      | Entered Level 5 of the Dungeon
  4650 | D:5      | Reached skill level 2 in Translocations
  4650 | D:5      | Reached XP level 7. HP: 50/50 MP: 10/17
  4667 | D:5      | Reached skill level 5 in Spellcasting
  4756 | D:5      | Noticed Menkaure
  4982 | D:5      | Killed Menkaure
  4983 | D:5      | Reached skill level 3 in Translocations
  5210 | D:5      | Reached skill level 6 in Spellcasting
  5300 | D:5      | Noticed a two-headed ogre
  5309 | D:5      | Killed a two-headed ogre
  5310 | D:5      | Reached skill level 7 in Spellcasting
  5310 | D:5      | Reached XP level 8. HP: 31/57 MP: 9/23
  5680 | D:5      | You fall into a shaft and drop 3 floors!
  5702 | D:8      | Reached skill level 8 in Spellcasting
  5706 | D:8      | HP: 9/57 [electric eel/bolt of electricity (8)]
  6297 | D:7      | Identified the amulet "Monaoph" {Faith +Inv rF+ Int+2}
  6332 | D:7      | Identified the +10 long sword of Ushrer {elec, Fly Will-
                  | rCorr Int+4}
  6339 | D:7      | Learned a level 3 spell: Teleport Other
  6342 | D:7      | Learned a level 2 spell: Wereblood
  6355 | D:7      | Found Taxaluin's Magic Scroll Shop.
  6393 | D:7      | Learned a level 4 spell: Fulminant Prism
  6410 | D:7      | Reached skill level 1 in Summonings
  6707 | D:7      | You pick up a book of Flames and begin reading...
  6707 | D:7      | You add the spells Foxfire, Conjure Flame, Inner Flame and
                  | Flame Wave to your library.
  6737 | D:7      | Bought a scroll of vulnerability for 105 gold pieces
  6737 | D:7      | Bought a scroll of holy word for 105 gold pieces
  6737 | D:7      | Bought a scroll of identify for 28 gold pieces
  6737 | D:7      | Bought a scroll of identify for 28 gold pieces
  6926 | D:7      | Reached skill level 2 in Summonings
  6926 | D:7      | Reached XP level 9. HP: 38/62 MP: 17/25
  6932 | D:7      | HP: 15/62 [poisoned by a killer bee]
  6936 | D:7      | HP: 7/62 [poisoned by a killer bee]
  6940 | D:7      | HP: 3/62 [poisoned by a killer bee]
  6950 | D:7      | HP: 11/62 [vampire mosquito (6)]
  6958 | D:7      | Reached skill level 4 in Translocations
  7334 | D:6      | Reached skill level 3 in Summonings
  7483 | D:6      | Found a runed translucent gate.
  7483 | D:6      | Found a runed translucent gate.
  7552 | D:6      | Found a staircase to the Ecumenical Temple.
  7619 | D:6      | Found a runed translucent gate.
  7816 | D:6      | Noticed spaghetti's ghost (weakling DgDe)
  7817 | D:6      | Noticed sammy202020's ghost (novice PaBe)
  8075 | D:5      | Reached skill level 9 in Spellcasting
  8075 | D:5      | Reached skill level 5 in Translocations
  8272 | D:5      | Reached skill level 4 in Summonings
  8636 | D:7      | Learned a level 7 spell: Malign Gateway
  8642 | D:7      | Learned a level 3 spell: Gell's Gravitas
  8656 | D:7      | HP: 11/62 [orc warrior/+0 dire flail (7)]
  9822 | D:8      | Reached XP level 10. HP: 69/69 MP: 20/27
 10059 | D:8      | Noticed Maurice
 10068 | D:8      | Killed Maurice
 10069 | D:8      | Reached skill level 5 in Summonings
 10069 | D:8      | Reached skill level 6 in Translocations
 10590 | D:9      | Noticed a two-headed ogre
 11101 | D:9      | Killed a two-headed ogre
 11145 | D:9      | Noticed a two-headed ogre
 11153 | D:9      | Killed a two-headed ogre
 11154 | D:9      | Reached skill level 10 in Spellcasting
 11154 | D:9      | Reached skill level 6 in Summonings
 11154 | D:9      | Reached skill level 7 in Translocations
 11531 | D:10     | Entered Level 10 of the Dungeon
 11570 | D:10     | Noticed Psyche
 11575 | D:10     | Killed Psyche
 11710 | D:10     | Noticed Erica
 11817 | D:10     | Reached skill level 2 in Dodging
 11850 | D:10     | Reached skill level 1 in Fighting
 11966 | D:10     | Noticed a two-headed ogre
 11973 | D:10     | Killed a two-headed ogre
 11991 | D:10     | Reached skill level 2 in Fighting
 11991 | D:10     | Reached XP level 11. HP: 39/79 MP: 1/29
 12082 | D:10     | Noticed a two-headed ogre
 12167 | D:10     | Reached skill level 3 in Dodging
 12304 | D:10     | Noticed Harold
 12312 | D:10     | HP: 15/79 [Erica/bolt of poison (24)]
 12320 | D:10     | Killed Harold
 12323 | D:10     | Killed Erica
 12324 | D:10     | Reached skill level 7 in Summonings
 12334 | D:10     | Killed a two-headed ogre
 13259 | D:11     | Reached skill level 3 in Fighting
 13281 | D:11     | Noticed a four-headed hydra
 13294 | D:11     | Killed a four-headed hydra
 13295 | D:11     | Reached skill level 8 in Translocations
 13590 | D:11     | Found a staircase to the Orcish Mines.
 14119 | D:11     | Found a staircase to the Lair.
 14383 | D:11     | HP: 18/82 [drowned by a water elemental (11)]
 14387 | D:11     | HP: 8/82 [water elemental (8)]
 14389 | D:11     | Reached skill level 4 in Dodging
 14784 | Orc:1    | Entered Level 1 of the Orcish Mines
 14808 | Orc:1    | Noticed an orc knight
 14853 | Orc:1    | Noticed an orc knight
 14911 | Orc:1    | Noticed an orc knight
 15320 | Orc:2    | Entered Level 2 of the Orcish Mines
 15320 | Orc:2    | Noticed Urug
 15320 | Orc:2    | Noticed an orc high priest
 15584 | Orc:2    | Killed an orc high priest
 15585 | Orc:2    | Reached skill level 4 in Fighting
 15950 | Orc:2    | Noticed an orc knight
 15969 | Orc:2    | Reached skill level 11 in Spellcasting
 15991 | Orc:2    | Noticed an orc warlord
 16004 | Orc:2    | Slain by an orc warlord

Vanquished Creatures
  A hydra (D:11)
  Erica (D:10)
  5 two-headed ogres
  An orc high priest (Orc:2)
  Maurice (D:8)
  Psyche (D:10)
  A komodo dragon (D:10)
  A freezing wraith (D:10)
  2 trolls
  A hornet (D:5)
  A wyvern (D:9)
  A water elemental (D:11)
  3 wraiths
  A vampire (D:11)
  11 yaks (D:10)
  3 vampire mosquitoes (D:7)
  Menkaure (D:5)
  2 steam dragons
  5 wargs
  An acid dragon (D:8)
  A black bear (D:7)
  20 orc warriors
  An ice beast (D:7)
  A sky beast (D:7)
  13 centaurs
  8 ogres
  2 wolves (D:11)
  3 phantoms
  3 bullfrogs
  2 gnoll sergeants
  5 necrophages
  4 scorpions
  8 killer bees
  7 electric eels
  5 howler monkeys
  5 hounds
  2 jellies
  7 orc priests
  Jessica (D:3)
  An iguana (D:4)
  7 orc wizards
  10 gnolls
  10 adders
  4 river rats (D:3)
  2 white imps
  2 worms
  2 dart slugs
  58 orcs
  6 ball pythons
  6 endoplasms
  2 giant cockroaches
  7 hobgoblins
  6 jackals (D:4)
  3 quokkas (D:1)
  3 bats
  5 frilled lizards
  6 goblins
  6 kobolds
  2 rats
290 creatures vanquished.

Vanquished Creatures (others)
  Harold (D:10)
  46 fulminant prisms
  7 plants
  5 withered plants (D:6)
59 creatures vanquished.

Grand Total: 349 creatures vanquished

Table legend:
 A = Non-vault XP
 B = Vault XP
 C = Vault XP percentage of total XP
 D = Non-vault monster count
 E = Vault monster count
 F = Vault count percentage of total count
                 A         B        C        D         E       F
            +---------+---------+-------+---------+---------+-------
      Total |   18210 |    6426 |  26.1 |     227 |      64 |  22.0
            +---------+---------+-------+---------+---------+-------
        D:1 |      23 |       0 |   0.0 |      15 |       0 |   0.0
        D:2 |      85 |       0 |   0.0 |      20 |       0 |   0.0
        D:3 |      47 |     135 |  74.2 |      15 |       9 |  37.5
        D:4 |     565 |       0 |   0.0 |      29 |       0 |   0.0
        D:5 |    1757 |     172 |   8.9 |      23 |       1 |   4.2
        D:6 |     662 |      84 |  11.3 |      10 |       1 |   9.1
        D:7 |     712 |    1658 |  70.0 |      16 |      16 |  50.0
        D:8 |     679 |     484 |  41.6 |       8 |       5 |  38.5
        D:9 |    2572 |       0 |   0.0 |       9 |       0 |   0.0
       D:10 |    4956 |    1348 |  21.4 |      27 |       3 |  10.0
       D:11 |    2633 |     722 |  21.5 |      18 |      12 |  40.0
      Orc:1 |    1602 |       0 |   0.0 |      22 |       0 |   0.0
      Orc:2 |    1917 |    1823 |  48.7 |      15 |      17 |  53.1
            +---------+---------+-------+---------+---------+-------

Illustrated notes

Table legend:
 A = Kills in this place as a percentage of kills in entire the game.
 B = Kills by you in this place as a percentage of kills by you in the entire game.
 C = Kills by friends in this place as a percentage of kills by friends in the entire game.
 D = Other kills in this place as a percentage of other kills in the entire game.
 E = Experience gained in this place as a percentage of experience gained in the entire game.
 F = Experience gained in this place divided by the number of levels of this place that you have seen.
                   A       B       C       D       E      F
               +-------+-------+-------+-------+-------+----------------------
         Total | 100.0 | 100.0 |   N/A | 100.0 | 100.0 | 1895.1
       Dungeon |  81.4 |  81.4 |   N/A | 100.0 |  78.3 | 1754.0
  Orcish Mines |  18.6 |  18.6 |   N/A |   0.0 |  21.7 | 2671.0
               +-------+-------+-------+-------+-------+----------------------

Table legend: (Time is in decaauts)
 A = Elapsed time spent in this place.
 B = Non-inter-level travel time spent in this place.
 C = Inter-level travel time spent in this place.
 D = Time resting spent in this place.
 E = Time spent auto-exploring this place.
 F = Levels seen in this place.
 G = Mean time per level.
                   A        B        C        D        E       F      G
               +--------+--------+--------+--------+--------+-----+--------+
         Total |  16165 |  15585 |    580 |   3959 |   9554 |  13 | 1243.5 |
       Dungeon |  15224 |  14662 |    562 |   3513 |   9312 |  11 | 1384.0 |
  Orcish Mines |    941 |    923 |     18 |    446 |    242 |   2 |  470.5 |
               +--------+--------+--------+--------+--------+-----+--------+

Top non-repeatable levels by time:
    D:11: 2049 daAuts
     D:7: 1749 daAuts
     D:9: 1610 daAuts
    D:10: 1552 daAuts
     D:3: 1444 daAuts
     D:4: 1309 daAuts
     D:5: 1270 daAuts
     D:2: 1214 daAuts
     D:8: 1193 daAuts
     D:1: 933 daAuts
     D:6: 897 daAuts
   Orc:1: 687 daAuts
   Orc:2: 254 daAuts
